AoeStats
← l Son Goku l930

Arabia

510028726Analyzed
4v4 RM · 4d ago on Sep 29, 2026· 122m 12s· 8 players
Game mode
Random Map
Map size
Large (8 player)
Population
200
Speed
Normal
Resources
Standard
Victory
Conquest
Starting age
Dark Age
Ending age
Imperial Age
RankedLock teamsTeams togetherTeam positionsShared explorationLock speedFull tech treeHidden civsTurbo modeCheats
Victory
Defeat
🇨🇳 Vietnamese · China
836
+14
🇺🇸 Tatars · United States
829
+14
🇫🇷 Huns · France
827
+14
🇨🇳 Japanese · China
650
+22
🇲🇽 Slavs · Mexico
824
-18
🇲🇽 Bohemians · Mexico
818
-17
🇨🇴 Romans · Colombia
784
-16
🇺🇸 Huns · United States
700
-13
l Son Goku l930
12:15 Feudal Age
14:12 Man-at-Arms
14:54 Double-Bit Axe
22:44 Horse Collar
24:20 Scale Mail Armor
27:41 Castle Age
26:27 Forging
28:57 Bow Saw
29:14 Long Swordsman
29:15 Pikeman
29:58 Squires
34:12 Chain Mail Armor
34:09 Forging
38:56 Imperial Age
40:27 Ballistics
41:21 Legionary
43:50 Chemistry
42:43 Heavy Scorpion
45:20 Iron Casting
46:00 Halberdier
49:08 Blast Furnace
49:21 Conscription
Neoikana
6:16 Loom
11:10 Feudal Age
11:39 Horse Collar
11:46 Double-Bit Axe
19:04 Wheelbarrow
23:12 Castle Age
22:36 Scale Barding Armor
22:42 Forging
22:27 Gold Mining
23:45 Bloodlines
23:55 Heavy Plow
25:30 Bow Saw
25:33 Husbandry
27:59 Hand Cart
36:14 Imperial Age
34:03 Caravan
36:26 Elite Boyar
37:42 Detinets
38:29 Chain Barding Armor
38:53 Siege Engineers
39:57 Plate Barding Armor
40:52 Chemistry
40:03 Fortified Wall
42:05 Careening
46:33 Dry Dock
48:30 Druzhina
47:52 Pikeman
48:33 Squires
49:16 Crop Rotation
48:33 Town Watch
49:28 Scale Mail Armor
48:54 Halberdier
53:40 Heavy Scorpion
55:11 Ballistics
57:51 Murder Holes
58:07 Masonry
60:55 Conscription
60:22 Man-at-Arms
61:20 Chain Mail Armor
61:41 Iron Casting
61:07 Long Swordsman
62:06 Two-Handed Swordsman
63:20 Plate Mail Armor
68:15 Blast Furnace
66:36 Champion
69:17 Onager
70:45 Siege Onager
96:22 Light Cavalry
103:13 Hussar
Sow
0:41 Loom
11:07 Feudal Age
11:45 Double-Bit Axe
13:42 Horse Collar
19:08 Castle Age
20:35 Bow Saw
20:28 Heavy Plow
21:00 Fervor
23:04 Crossbowman
24:57 Elite Skirmisher
27:56 Fletching
29:48 Wheelbarrow
32:48 Imperial Age
31:22 Ballistics
32:03 Chemistry
31:17 Fortified Wall
33:06 Elite Hussite Wagon
34:08 Conscription
33:18 Arbalester
36:01 Wagenburg Tactics
37:50 Two-Man Saw
37:30 Man-at-Arms
37:30 Pikeman
38:13 Squires
37:59 Arson
38:23 Padded Archer Armor
38:19 Bodkin Arrow
38:30 Scale Barding Armor
38:41 Forging
38:33 Scale Mail Armor
38:54 Town Watch
41:40 Iron Casting
41:07 Bracer
41:24 Leather Archer Armor
40:32 Halberdier
41:41 Sanctity
41:38 Block Printing
41:55 Long Swordsman
42:55 Chain Mail Armor
43:41 Blast Furnace
44:29 Hand Cart
44:23 Town Patrol
45:16 Sappers
46:11 Two-Handed Swordsman
47:03 Scale Barding Armor
47:33 Champion
50:51 Plate Mail Armor
50:52 Ring Archer Armor
50:28 Scale Barding Armor
51:54 Houfnice
52:00 Capped Ram
55:49 Hussite Reforms
59:52 Husbandry
59:14 Cavalier
59:17 Light Cavalry
61:06 Chain Barding Armor
60:13 Light Cavalry
61:57 Caravan
62:28 Coinage
62:08 Guilds
74:55 Devotion
74:51 Herbal Medicine
75:22 Illumination
80:36 Onager
80:36 Heavy Scorpion
91:59 Murder Holes
92:10 Siege Engineers
92:15 Masonry
91:51 Arrowslits
92:27 Bombard Tower
91:58 Guard Tower
92:14 Siphons
100:23 Banking
Dora Explora
7:22 Loom
9:46 Feudal Age
10:31 Double-Bit Axe
16:10 Horse Collar
20:30 Forging
21:24 Bloodlines
22:31 Wheelbarrow
23:52 Gold Mining
24:35 Scale Barding Armor
27:24 Castle Age
28:24 Bow Saw
28:15 Heavy Plow
28:51 Gold Shaft Mining
27:48 Light Cavalry
28:29 Husbandry
28:51 Chain Barding Armor
30:00 Hand Cart
30:55 Stone Mining
33:45 Iron Casting
39:50 Imperial Age
41:37 Two-Man Saw
41:02 Conscription
40:03 Elite Tarkan
40:45 Marauders
41:08 Atheism
40:12 Cavalier
40:13 Hussar
41:31 Plate Barding Armor
43:22 Blast Furnace
45:08 Caravan
45:51 Ballistics
46:31 Chemistry
45:29 Murder Holes
48:59 Paladin
Rat Meat Pizza
0:57 Loom
13:17 Feudal Age
13:39 Horse Collar
13:52 Double-Bit Axe
14:45 Wheelbarrow
17:21 Gold Mining
18:56 Stone Mining
21:45 Castle Age
23:37 Heavy Plow
23:44 Pikeman
29:27 Padded Archer Armor
29:17 Fletching
31:27 Husbandry
31:37 Bloodlines
31:48 Leather Archer Armor
33:33 Squires
34:03 Scale Barding Armor
39:09 Bodkin Arrow
39:35 Chain Barding Armor
39:49 Scale Mail Armor
40:01 Forging
43:08 Imperial Age
44:40 Hand Cart
44:57 Ring Archer Armor
44:28 Bracer
44:53 Ballistics
45:34 Chemistry
44:59 Bow Saw
45:28 Crop Rotation
44:25 Heavy Cavalry Archer
45:28 Conscription
45:53 Plate Barding Armor
46:01 Gold Shaft Mining
45:28 Elite Steppe Lancer
46:21 Silk Armor
47:42 Iron Casting
46:44 Elite Steppe Lancer
47:26 Heavy Camel Rider
48:14 Caravan
51:36 Blast Furnace
97:36 Timurid Siegecraft
96:47 Elite Keshik
Saramenec
3:45 Loom
11:35 Feudal Age
13:05 Wheelbarrow
12:17 Double-Bit Axe
12:33 Horse Collar
18:46 Castle Age
17:13 Stone Mining
19:46 Hand Cart
19:43 Bow Saw
30:21 Gold Mining
32:01 Gold Shaft Mining
35:12 Imperial Age
32:46 Heavy Plow
32:57 Scale Barding Armor
33:04 Forging
32:56 Scale Mail Armor
33:08 Marauders
36:17 Conscription
35:18 Elite Tarkan
37:58 Two-Man Saw
37:38 Iron Casting
37:21 Chain Mail Armor
37:27 Chain Barding Armor
37:16 Caravan
38:35 Husbandry
38:46 Bloodlines
39:55 Blast Furnace
41:03 Town Watch
41:56 Plate Barding Armor
58:41 Chemistry
58:02 Ballistics
57:38 Murder Holes
57:39 Fletching
59:27 Guilds
66:12 Bodkin Arrow
74:40 Bracer
118:29 Spies/Treason
chentao_1209
0:55 Loom
13:24 Feudal Age
18:07 Castle Age
16:41 Horse Collar
16:47 Double-Bit Axe
20:09 Wheelbarrow
20:16 Wheelbarrow
19:55 Bow Saw
22:21 Heavy Plow
24:23 Crossbowman
31:36 Imperial Age
29:02 Gold Mining
29:57 Thumb Ring
30:10 Fortified Wall
29:47 Treadmill Crane
30:11 Fletching
30:22 Padded Archer Armor
32:16 Elite Rattan Archer
33:12 Fortified Wall
32:52 Elite Skirmisher
36:30 Arbalester
37:11 Bodkin Arrow
37:31 Leather Archer Armor
39:23 Hand Cart
40:58 Leather Archer Armor
45:03 Bracer
45:33 Ring Archer Armor
44:27 Cavalier
45:21 Bloodlines
45:44 Stone Mining
46:32 Scale Barding Armor
46:38 Forging
49:34 Two-Man Saw
49:05 Chain Barding Armor
60:06 Scale Mail Armor
67:50 Iron Casting
69:03 Chain Mail Armor
68:20 Pikeman
69:01 Squires
68:46 Arson
73:59 Halberdier
76:56 Crop Rotation
78:30 Paper Money
79:07 Plate Mail Armor
81:48 Imperial Skirmisher
96:52 Plate Barding Armor
104:52 Chemistry
104:12 Ballistics
117:24 Elite Fire Lancer
117:40 Capped Ram
疯踹瘸子好腿
12:00 Feudal Age
14:08 Loom
18:06 Castle Age
18:30 Horse Collar
18:41 Double-Bit Axe
23:53 Treadmill Crane
30:16 Imperial Age
29:06 Horse Collar
29:40 Bow Saw
29:44 Masonry
30:14 Pikeman
30:54 Squires
30:40 Arson
31:58 Scale Mail Armor
Connection lost

Rejoining the realm…

Still unreachable

The connection could not be restored.

Session expired

The server has moved on; the page needs a fresh start.